 Dungeon Crawl Stone Soup version 0.30.0-20-g3615ddf2f0 (webtiles) character file.

Game seed: 17101228692549635710

69 qw the Chopper (level 4, -5/28 HPs)
             Began as a Gargoyle Fighter on May 31, 2023.
             Slain by an ogre
             ... wielding a +0 giant club
              (12 damage)
             ... on level 3 of the Dungeon.
             The game lasted 00:00:43 (1616 turns).

qw the Chopper (Gargoyle Fighter)                   Turns: 1616, Time: 00:00:43

Health: -5/28      AC: 13    Str: 21    XL:     4   Next: 20%
Magic:  4/4        EV:  7    Int:  9    God:
Gold:   49         SH:  4    Dex:  9    Spells: 3/3 levels left

rFire   . . .        Y - +1 war axe
rCold   . . .        c - +0 buckler
rNeg    + . .        a - +0 chain mail
rPois   inf          (no helmet)
rElec   +            b - +0 cloak
rCorr   .            (no gloves)
SInv    +            (no boots)
Will    .....        (no amulet) Stlth
                     m - ring of see invisible
HPRegen 0.24/turn    (no ring)
MPRegen 0.09/turn

%: no passive effects
@: no status effects
A: sickness immunity, AC +3, negative energy resistance 1, electricity
resistance, torment resistance 1, petrification resistance
a: no special abilities


You were on level 3 of the Dungeon.
You visited 1 branch of the dungeon, and saw 3 of its levels.

You collected 49 gold pieces.


Innate Abilities, Weirdness & Mutations

You are immune to sickness and miasma.
Your stone body is resilient. (AC +3)
You are immune to poison.
You resist negative energy. (rN+)
You are resistant to electric shocks. (rElec)
You are resistant to unholy torment.
You are immune to petrification.


   Skills:
 - Level 3.2 Fighting
 + Level 4.0 Axes
 - Level 3.2 Armour
 - Level 3.2 Shields


You had 3 spell levels left.
You didn't know any spells.
Your spell library was empty.

Inventory:

Hand Weapons
 j - a +0 mace
 Y - a +1 war axe (weapon)
Missiles
 e - a boomerang (quivered)
Armour
 a - a +0 chain mail (worn)
 b - a +0 cloak (worn)
 c - a +0 buckler (worn)
Jewellery
 k - a ring of fire
 m - a ring of see invisible (left hand)
Potions
 d - 2 potions of might
 f - a potion of heal wounds {unknown}
 i - a potion of berserk rage {unknown}
 l - a potion of haste {unknown}
 p - a potion of magic {unknown}

Dungeon Overview and Level Annotations

Branches:
Dungeon (3/15)

Altars:


Message History

You barely miss the bat.
The bat hits you but does no damage. x3; The bat hits you.
You barely miss the bat. The bat hits you but does no damage.
You block the bat's attack.
You hit the bat.
You kill the bat!
You slash the giant cockroach!
You kill the giant cockroach!
Things that are here:
a giant cockroach corpse; a bat corpse
f - a black potion You feel your willpower return.
A frilled lizard comes into view.
The frilled lizard hisses angrily.
You throw a boomerang. The boomerang hits the frilled lizard.
The frilled lizard is heavily wounded.
An ogre comes into view. It is wielding a +0 giant club.
1600 ||| Stepping ~*~*~tactically~*~*~ (stealth).
You throw a boomerang. The boomerang hits the frilled lizard.
You kill the frilled lizard!
Your Axes skill increases to level 4!
The ogre shouts!
You hear a shout!
A kobold comes into view. It is wielding a +0 whip.
You throw a boomerang. The boomerang barely misses the ogre.
You throw a boomerang. The boomerang hits the ogre.
The ogre is moderately wounded.
You barely miss the ogre.
The ogre is moderately wounded.
The ogre hits you with a +0 giant club!
Ouch! That really hurt!
You hit the ogre.
The ogre is moderately wounded.
The ogre hits you with a +0 giant club.
You hit the ogre.
The ogre is heavily wounded.
The ogre hits you with a +0 giant club.
You slash the ogre!
The ogre is severely wounded.
The ogre hits you with a +0 giant club!
You die...

#..#.# ##.##.#
#..##.# .# #
#.###.# ...#.
#.###.#
#...#+#.....#
#. #.....#####
#...###...####
#..$KO@......#
#..####...##.#
......## #
#######


You could see an ogre and a kobold.

Vanquished Creatures
  3 adders (D:2)
  2 worms (D:2)
  3 ball pythons
  3 bats
  5 endoplasms
  4 giant cockroaches
  2 goblins
  4 hobgoblins
  2 jackals (D:2)
  A frilled lizard (D:3)
  2 kobolds
  2 rats
33 creatures vanquished.

Notes
Turn   | Place    | Note
-------+----------+-------------------------------------------
     0 | D:1      | qw the Gargoyle Fighter began the quest for the Orb.
     0 | D:1      | Reached XP level 1. HP: 14/14 MP: 1/1
     0 | D:1      | 0 ||| qw: Version: 0.2-a-102-gfc559e5
     0 | D:1      | 0 ||| qw: Game counter: 516
     0 | D:1      | 0 ||| qw: Always use a shield: true
     0 | D:1      | 0 ||| qw: God list: Okawaru
     0 | D:1      | 0 ||| qw: Allow faded altars: false
     0 | D:1      | 0 ||| qw: Do Orc after D:15 true
     0 | D:1      | 0 ||| qw: Do second Lair branch before Depths: true
     0 | D:1      | 0 ||| qw: Lair rune preference: random
     0 | D:1      | 0 ||| qw: Plans: Normal, Zot:1-4, Slime:5, God:TSO, Crypt,
                  | Tomb, Pan, Hells, Abyss, Win
     0 | D:1      | 0 ||| PLANNING D:1-11
    93 | D:1      | Reached skill level 2 in Axes
   183 | D:1      | Reached XP level 2. HP: 19/19 MP: 2/2
   684 | D:1      | 684 ||| UPGRADING to +3 ring mail.
   694 | D:1      | 694 ||| DROPPING +0 scale mail.
   695 | D:1      | 695 ||| UPGRADING to ring of see invisible.
   696 | D:1      | 696 ||| READING scroll labelled GOCRIT FUGGO.
   697 | D:1      | 697 ||| READING scroll labelled XUGEGO GUGE.
   698 | D:1      | 698 ||| READING scroll labelled ZAPAHESOCS.
   811 | D:2      | Reached skill level 3 in Axes
   825 | D:2      | Reached XP level 3. HP: 23/23 MP: 3/3
  1209 | D:2      | 1209 ||| Stepping ~*~*~tactically~*~*~ (hiding).
  1351 | D:2      | Reached XP level 4. HP: 28/28 MP: 4/4
  1542 | D:2      | 1542 ||| UPGRADING to +0 chain mail.
  1552 | D:2      | 1552 ||| UPGRADING to +0 cloak.
  1557 | D:2      | 1557 ||| DROPPING +3 ring mail.
  1558 | D:2      | 1558 ||| READING scroll labelled WEOWEUF UHAA.
  1559 | D:2      | 1559 ||| READING scroll labelled QONKOA WUUWKIM.
  1560 | D:2      | 1560 ||| READING scroll labelled BOEMELONKE.
  1561 | D:2      | 1561 ||| READING scroll labelled TEN YSHREHEXE.
  1599 | D:3      | Noticed an ogre
  1600 | D:3      | 1600 ||| Stepping ~*~*~tactically~*~*~ (stealth).
  1602 | D:3      | Reached skill level 4 in Axes
  1615 | D:3      | HP: 6/28 [ogre/+0 giant club (3)]
  1616 | D:3      | Slain by an ogre

Levels and vault maps discovered:
D:1:      dpeg_arrival_windows_large_door, layout_basic, serial_forest,
          infiniplex_forest_lined_room_2, infiniplex_forest_clump_medium,
          infiniplex_forest_lined_room_, infiniplex_forest_clump_cross,
          infiniplex_forest_clump_double, infiniplex_forest_corner_2
D:2:      layout_loops_cross
D:3:      layout_loops_ring, mainiacjoe_overflow_surrounded_room, moated_statue,
          minmay_stone_trees_medium

Skill      XL: |  1  2  3  4 |
---------------+-------------+-----
Axes           | 2 3 4 |  4.0
Fighting       | |  3.2
Armour         | |  3.2
Shields        | |  3.2

Action                     |  1- 3 |  4- 6 || total
---------------------------+-------+-------++-------
  Melee: War axe           |    91 |    10 ||   101
  Throw: Boomerang         |    46 |     9 ||    55
    Use: Scroll            |     3 |     4 ||     7
 Armour: Scale mail        |    27 |       ||    27
         Ring mail         |    20 |       ||    20
         Chain mail        |       |     6 ||     6
  Dodge: Dodged            |    44 |       ||    44
  Block: Buckler           |    17 |     2 ||    19

Table legend:
 A = Non-vault XP
 B = Vault XP
 C = Vault XP percentage of total XP
 D = Non-vault monster count
 E = Vault monster count
 F = Vault count percentage of total count
                 A         B        C        D         E       F
            +---------+---------+-------+---------+---------+-------
      Total |      99 |       0 |   0.0 |      33 |       0 |   0.0
            +---------+---------+-------+---------+---------+-------
        D:1 |      19 |       0 |   0.0 |      11 |       0 |   0.0
        D:2 |      76 |       0 |   0.0 |      19 |       0 |   0.0
        D:3 |       4 |       0 |   0.0 |       3 |       0 |   0.0
            +---------+---------+-------+---------+---------+-------
